 Dungeon Crawl Stone Soup version 0.28.0 (webtiles) character file.

Game seed: 6380198077878614218

117 Prodoman the Magician (level 4, -6/30 HPs)
             Began as a Demonspawn Hedge Wizard on Feb 4, 2022.
             Killed by nerve-wracking pain
             ... invoked by an orc priest
              (9 damage)
             ... on level 3 of the Dungeon.
             The game lasted 00:08:33 (3155 turns).

Prodoman the Magician (Demonspawn Hedge Wizard)     Turns: 3155, Time: 00:08:35

Health: -6/30      AC:  7    Str: 10    XL:     4   Next: 71%
Magic:  1/9        EV: 12    Int: 17    God:
Gold:   127        SH:  0    Dex: 13    Spells: 7/10 levels left

rFire   . . .      SeeInvis .   a - +0 dagger
rCold   . . .      Faith    .   (no shield)
rNeg    . . .      Spirit   .   b - +1 robe
rPois   .          Reflect  .   f - +2 helmet
rElec   .          Harm     .   (no cloak)
rCorr   .          Rampage  .   (no gloves)
Will    .....                   m - +0 pair of boots
Stlth   ++........              (no amulet)
HPRegen 0.10/turn               (no ring)
MPRegen 0.11/turn               (no ring)

@: no status effects
A: demonic guardian 1, wild magic 1
a: no special abilities


You were on level 3 of the Dungeon.
You visited 1 branch of the dungeon, and saw 3 of its levels.

You collected 127 gold pieces.

Inventory:

Hand Weapons
 a - a +0 dagger (weapon)
Armour
 b - a +1 robe (worn)
 c - a +0 hat
 f - a +2 helmet (worn)
 k - a +0 leather armour of fire resistance
 m - a +0 pair of boots (worn)
Jewellery
 d - an amulet of regeneration
 j - a +4 ring of evasion
Scrolls
 i - a scroll of immolation
 l - a scroll of noise {unknown}
Potions
 e - a potion of might {unknown}
 h - a potion of flight {unknown}


   Skills:
 + Level 2.3 Dodging
 + Level 2.5 Stealth
 * Level 3.6 Spellcasting
 + Level 1.9 Conjurations
 + Level 1.8 Summonings
 + Level 1.6 Translocations


You had 7 spell levels left.
You knew the following spells:

 Your Spells              Type           Power      Damage    Failure   Level
a - Magic Dart            Conj           48%        1d5       12%         1
b - Call Imp              Summ           12%        N/A       17%         2

Your spell library contained the following spells:

 Spells                   Type           Power      Damage    Failure   Level
 Blink                    Tloc           22%        N/A       19%         2
 Slow                     Hex            16%        N/A       24%         1
 Conjure Flame            Conj/Fire      8%         6-21      41%         3
 Mephitic Cloud           Conj/Pois/Air  6%         N/A       45%         3


Dungeon Overview and Level Annotations

Branches:
Dungeon (3/15)

Altars:


Innate Abilities, Weirdness & Mutations

A weak demonic guardian rushes to your aid.
Your spells are a little harder to cast, but a little more powerful.


Message History

You hit the orc but do no damage. The orc hits you with a +0 trident.
The orc priest calls down the wrath of Beogh upon you.
Beogh smites you!
Hit: a) +0 dagger
Press: ? - help, Dir - move target, f - orc priest, p - orc
Aim: an orc priest, wielding a +0 club (severely wounded, about 38% to evade your +0 dagger)
You hit the orc priest but do no damage.
The orc priest is severely wounded.
The orc closely misses you.
The orc priest hits you but does no damage.
Hit: a) +0 dagger
Press: ? - help, Dir - move target, f/p - orc priest
Aim: an orc priest, wielding a +0 club (severely wounded, about 38% to evade your +0 dagger)
You closely miss the orc priest.
The orc priest is severely wounded.
The orc hits you with a +0 trident.
A demonic guardian appears!
The orc priest closely misses you.
Hit: a) +0 dagger
Press: ? - help, Dir - move target, f/p - orc priest
Aim: an orc priest, wielding a +0 club (severely wounded, about 38% to evade your +0 dagger)
You hit the orc priest.
The orc priest is severely wounded.
The orc closely misses you.
Your ufetubus hits the orc but does no damage.
Your ufetubus misses the orc. The orc priest barely misses you.
Your ufetubus barely misses the orc.
Your ufetubus closely misses the orc.
The orc closely misses you.
The orc priest begins to cast a cantrip, but forgets the words!
Your ufetubus barely misses the orc.
Your ufetubus hits the orc but does no damage.
The orc priest invokes the aid of Beogh against you.
Pain shoots through your body!
* * * LOW HITPOINT WARNING * * *
It was a potion of mutation.
You feel extremely strange.
You feel less in control of your magic.
You feel clumsy.
You feel agile.
Your ufetubus hits the orc but does no damage. x2
The orc hits you but does no damage.
The orc priest calls down the wrath of Beogh upon you.
Pain shoots through your body!
You die...

##.. #....# .#
#..# .....
#....# .. #..#
..... #....# #
#..#
......#....#
#..#
......#....#
#..#
#....#....####
#..#
#.........#.#
#...)o[......
#..@.o5......
#######..)...
...... ....#
.... .# #


You could see an orc priest, an orc (ally target) and a friendly ufetubus
(summoned).

Vanquished Creatures
  Natasha (D:2)
  An adder (D:2)
  A worm (D:2)
  5 dart slugs
  2 orcs (D:3)
  4 bats
  5 endoplasms
  A goblin (D:1)
  3 hobgoblins (D:1)
  5 ball pythons
  3 frilled lizards
  A kobold (D:2)
  2 rats
34 creatures vanquished.

Vanquished Creatures (collateral kills)
  3 gnolls (D:2)
  A worm (D:2)
  A dart slug (D:2)
5 creatures vanquished.

Grand Total: 39 creatures vanquished

Notes
Turn   | Place    | Note
-------+----------+-------------------------------------------
     0 | D:1      | Prodoman the Demonspawn Hedge Wizard began the quest for
                  | the Orb.
     0 | D:1      | Reached XP level 1. HP: 13/13 MP: 4/4
   201 | D:1      | Reached skill level 1 in Translocations
   396 | D:1      | Gained mutation: A weak demonic guardian rushes to your
                  | aid. [demonic ancestry]
   396 | D:1      | Reached XP level 2. HP: 8/19 MP: 0/6
  1295 | D:2      | Reached XP level 3. HP: 24/24 MP: 1/7
  1647 | D:2      | Learned a level 2 spell: Call Imp
  1673 | D:2      | Reached XP level 4. HP: 30/30 MP: 0/9
  1923 | D:2      | Found a faded altar of an unknown god.
  2684 | D:2      | Noticed Natasha
  2693 | D:2      | Killed Natasha
  3155 | D:3      | Gained mutation: Your spells are a little harder to cast,
                  | but a little more powerful. [potion of mutation]
  3155 | D:3      | Gained mutation: You are clumsy. (Dex -2) [potion of
                  | mutation]
  3155 | D:3      | Lost mutation: You are clumsy. (Dex -2) [potion of
                  | mutation]
  3155 | D:3      | Killed from afar by an orc priest

Illustrated notes

Levels and vault maps discovered:
D:1:      dpeg_arrival_rhombi, layout_rooms, kennysheep_small_spiral
D:2:      layout_basic, hellmonk_ecumenical_altar_blasted, uniq_natasha
D:3:      layout_basic, gup_sewer_entry_glass, serial_shops, shop,
          wander_ebering_terrifying_dragon_lair, uniq_sigmund

Skill      XL: |  1  2 |
---------------+-------+-----
Translocations | 1 |  1.6
Stealth        | 2 |  2.5
Dodging        | 2 |  2.3
Spellcasting   | |  3.6
Conjurations   | |  1.9
Summonings     | |  1.8

Action                   |  1- 3 |  4- 6 || total
-------------------------+-------+-------++-------
Melee: Dagger            |    17 |    12 ||    29
 Cast: Magic Dart        |    64 |    60 ||   124
       Call Imp          |     1 |     2 ||     3
  Use: Scroll            |     3 |       ||     3
       Potion            |     1 |     1 ||     2
Armor: Robe              |     1 |     9 ||    10
Dodge: Dodged            |    10 |    31 ||    41
